 Dungeon Crawl Stone Soup version 0.17-a0-1481-gfdcec5c (webtiles) character file.

58 emikaela the Magician (level 4, 0/28 HPs)
             Began as an Octopode Wanderer on July 4, 2015.
             Shot with a silver sling bullet by a goblin (6 damage)
             ... led by Robin
             ... on level 2 of the Dungeon.
             The game lasted 00:04:28 (2020 turns).

emikaela the Magician (Octopode Wanderer)           Turns: 2020, Time: 00:04:28

Health: 0/28       AC:  1    Str: 12    XL:     4   Next: 1%
Magic:  0/10       EV: 11    Int: 13    God:
Gold:   60         SH:  0    Dex: 12    Spells: 1 memorised, 9 levels left

rFire  . . .     SeeInvis .     i - +0 whip
rCold  . . .     Clarity  .     (no shield)
rNeg   . . .     SustAt   .     (helmet restricted)
rPois  .         Gourm    .     f - amulet of guardian spirit
rElec  .         Spirit   +     (no ring)
rCorr  .         Warding  .     (no ring)
rMut   .         Stasis   .     (no ring)
MR     .....                    (no ring)
Stlth  +++.......               (no ring)
                                (no ring)
                                (no ring)
                                (no ring)

@: lethally poisoned (0 -> -3), not resistant to hostile enchantments, fairly
stealthy
A: almost no armour, amphibious, 8 rings, constrict 8, camouflage 1, gelatinous
body 1
a: no special abilities


You were on level 2 of the Dungeon.
You were not hungry.

You visited 1 branch of the dungeon, and saw 2 of its levels.

You collected 60 gold pieces.

Inventory:

Hand weapons
 d - a +0 club
 i - a +0 whip (weapon)
Missiles
 p - 15 stones (quivered)
Jewellery
 f - an amulet of guardian spirit (around mantle)
Scrolls
 g - a scroll of blinking {unknown}
 l - a scroll of teleportation {unknown}
 m - 2 scrolls of random uselessness {unknown}
 n - a scroll of remove curse {unknown}
Potions
 j - a potion of lignification {unknown}
 k - a potion of flight {unknown}
Books
 a - a book of Callings
 b - the Collected Works on Moulding

   Spells                             Type                      Level
   a - Stoneskin                      Transmutation/Earth          2
   b - Sticks to Snakes               Transmutation                2
 c - the Disquisition on Enchantment

   Spells                             Type                      Level
   a - Corona                         Hexes                        1
   b - Gell's Gravitas                Hexes/Translocation          3
Comestibles
 e - a bread ration
 h - 2 slices of pizza
 o - 2 chunks of flesh


   Skills:
 - Level 1.6 Fighting
 - Level 1.3 Stealth
 - Level 4.0 Spellcasting
 + Level 3.1 Summonings
   Level 1.0 Fire Magic
   Level 2.4 Poison Magic
   Level 1.1 Evocations


You had 9 spell levels left.
You knew the following spells:

 Your Spells              Type           Power        Failure   Level  Hunger
a - Call Imp              Summ           ##......     10%         2    ##.....


Dungeon Overview and Level Annotations

Branches:
Dungeon (2/15)

Altars:

Annotations:
D:2 Robin


Innate Abilities, Weirdness & Mutations

You cannot wear most types of armour.
You are amphibious.
You can wear up to eight rings at the same time.
You can use your tentacles to constrict eight enemies at once.
Your skin changes colour to match your surroundings (Stealth).
Your rubbery body absorbs attacks (AC +1).


Message History

Confirm with . or Enter, or press ? or * to list all spells.
A beastly little devil appears in a puff of frigid air.
* * * LOW MAGIC WARNING * * *
The goblin shoots a silver sling bullet.
The silver sling bullet hits you!
* * * LOW HITPOINT WARNING * * *
Robin says, "We wiped out the hill dwarves - you're next!"
Robin roars a battlecry!
The goblins go into a battle-frenzy!
The adder closely misses you.
Your shadow imp gestures at the goblin.
The goblin convulses in agony!
The goblin dies!
Your crimson imp blinks!
You swap places.
The goblin shoots a silver sling bullet.
The silver sling bullet closely misses your white imp.
The silver sling bullet hits you!
* * * LOW MAGIC WARNING * * *
You die...

#...###.....#
#.........###
#...#######
#..## #..#
#..# #..#
##.5######
#@..g.g..#
#55)####.#
#.S)# #..#.#
..###g. ##..
### ... ##.


You could see Robin, an adder, 2 goblins, a friendly crimson imp, a friendly
white imp and a friendly shadow imp.

Vanquished Creatures
  An ooze (D:2)
  10 goblins
  A hobgoblin (D:1)
  7 jackals (D:1)
  7 bats
  4 giant cockroaches (D:1)
  A giant gecko (D:2)
  2 giant newts
  4 rats (D:1)
37 creatures vanquished.

Vanquished Creatures (collateral kills)
  2 adders (D:2)
  2 giant geckos (D:2)
  A ball python (D:2)
  A goblin (D:2)
  A quokka (D:2)
7 creatures vanquished.

Grand Total: 44 creatures vanquished

Notes
Turn   | Place    | Note
--------------------------------------------------------------
     0 | D:1      | emikaela the Octopode Wanderer began the quest for the Orb.
     0 | D:1      | emikaela set off with: a book of Callings, the Collected Works on Moulding, the Disquisition on Enchantment, a +0 club, a bread ration
     0 | D:1      | Reached XP level 1. HP: 11/11 MP: 5/5
     3 | D:1      | Identified the Collected Works on Moulding
     3 | D:1      | Identified the Disquisition on Enchantment
   140 | D:1      | Reached skill level 1 in Fighting
   311 | D:1      | Reached XP level 2. HP: 18/18 MP: 7/7
   319 | D:1      | Learned a level 2 spell: Call Imp
   594 | D:1      | Reached XP level 3. HP: 7/23 MP: 0/8
  2012 | D:2      | Noticed Robin
  2016 | D:2      | Reached XP level 4. HP: 23/28 MP: 8/10
  2020 | D:2      | Shot with a silver sling bullet by a goblin

Vault maps used:
D:1:      denvon_arrival_planthouse
D:2:      uniq_robin, uniq_terence

Action                   |  1- 3 |  4- 6 || total
-------------------------+-------+-------++-------
Melee: Club              |    13 |       ||    13
       Whip              |    74 |       ||    74
 Cast: Call Imp          |    12 |     3 ||    15
 Stab: Sleeping          |     9 |       ||     9
  Eat: Chunk             |     4 |       ||     4
